AoeStats
← explondriell

Arabia

507503017Analyzed
1v1 RM · 14d ago on Sep 18, 2026· 33m 4s· 2 players
Game mode
Random Map
Map size
Tiny (2 player)
Population
200
Speed
Normal
Resources
Standard
Victory
Conquest
Starting age
Dark Age
Ending age
Imperial Age
RankedLock teamsTeams togetherTeam positionsShared explorationLock speedFull tech treeHidden civsTurbo modeCheats
Victory
Defeat
🇪🇸 Tatars · Spain
718
+13
🇷🇺 Celts · Russia
652
-13
explondriell
0:35 Loom
11:25 Feudal Age
11:58 Double-Bit Axe
13:22 Wheelbarrow
13:12 Horse Collar
23:46 Castle Age
24:53 Scale Mail Armor
26:01 Bow Saw
25:55 Heavy Plow
25:38 Pikeman
31:59 Town Watch
javizambrana82
6:03 Loom
10:01 Feudal Age
11:12 Town Watch
11:17 Double-Bit Axe
16:59 Horse Collar
17:14 Gold Mining
19:33 Castle Age
17:43 Fletching
17:53 Padded Archer Armor
21:18 Leather Archer Armor
20:58 Bodkin Arrow
21:15 Husbandry
24:03 Bloodlines
27:28 Wheelbarrow
33:02 Ballistics
33:20 Bow Saw
35:55 Imperial Age
Connection lost

Rejoining the realm…

Still unreachable

The connection could not be restored.

Session expired

The server has moved on; the page needs a fresh start.